 Dungeon Crawl Stone Soup version 0.18.1-6-gd335043 (webtiles) character file.

41572 oplop the Pandemonic (level 13, -3/124 HPs)
             Began as a Deep Dwarf Fighter on May 19, 2016.
             Was a High Priest of Makhleb.
             Slain by a catoblepas (18 damage)
             ... on level 8 of the Lair of Beasts.
             The game lasted 00:37:57 (16128 turns).

oplop the Pandemonic (Deep Dwarf Fighter)          Turns: 16128, Time: 00:37:58

Health: -3/124     AC: 12    Str: 21    XL:     13   Next: 80%
Magic:  25/25      EV: 18    Int:  9    God:    Makhleb [*****.]
Gold:   1092       SH: 16    Dex: 18    Spells: 0 memorised, 12 levels left

rFire  + . .     SeeInvis +     a - +1 war axe
rCold  . . .     Gourm    .     b - +0 scale mail
rNeg   . . .     Faith    .     c - +0 shield
rPois  .         Spirit   .     (helmet restricted)
rElec  .         Dismiss  .     p - +0 cloak
rCorr  .         Reflect  +     (no gloves)
SustAt +         Harm     .     l - +1 pair of boots
MR     +....     Rnd*Rage +     W - +3 amulet of reflection
Stlth  ..........               h - ring of magical power
                                z - ring of sustain attributes

@: exhausted, non-regenerating, slowed, very slow, somewhat resistant to hostile
enchantments, extremely unstealthy
A: damage resistance, recharge devices, claws 1, horns 1, repulsion field 1, see
invisible, agile 1, berserk 2, fire resistance 1, sense surroundings 2, slow
regeneration 3
a: Device Recharging, Minor Destruction, Lesser Servant of Makhleb, Major
Destruction, Greater Servant of Makhleb, Renounce Religion


You were on level 8 of the Lair of Beasts.
You worshipped Makhleb.
Makhleb was extremely pleased with you.
You were hungry.

You visited 3 branches of the dungeon, and saw 23 of its levels.

You collected 1092 gold pieces.

Inventory:

Hand Weapons
 a - a +1 war axe (weapon)
 H - a +0 blowgun
Missiles
 o - 7 javelins of penetration
 G - 3 throwing nets (quivered)
 I - 52 poisoned needles
 O - 5 curare-tipped needles
Armour
 b - a +0 scale mail (worn)
 c - a +0 shield (worn)
 l - a +1 pair of boots (worn)
 p - a +0 cloak (worn)
Jewellery
 h - a ring of magical power (right claw)
 v - an uncursed ring of ice
 w - an uncursed ring of wizardry
 y - an uncursed amulet of magic regeneration
 z - a ring of sustain attributes (left claw)
 W - a +3 amulet of reflection (around neck)
Wands
 e - a wand of heal wounds (0/9)
 i - a wand of disintegration (13/24)
 B - a wand of acid (12/15)
 C - a wand of teleportation (4/9)
 F - a wand of iceblast (7/15)
 L - a wand of paralysis (16/24)
 R - a wand of hasting (4/9)
Scrolls
 g - 7 scrolls of amnesia
 m - 5 scrolls of fear
 n - 7 scrolls of magic mapping
 q - 7 scrolls of remove curse
 r - 4 scrolls of blinking
 x - 4 scrolls of enchant weapon
 E - 4 scrolls of identify
 S - a scroll of teleportation
 X - 5 scrolls of immolation
Potions
 d - 4 potions of might
 j - a potion of ambrosia
 k - 5 potions of flight
 t - 8 potions of curing
 u - 3 potions of lignification
 A - a potion of cancellation
 D - a potion of brilliance
 J - 2 potions of invisibility
 K - a potion of beneficial mutation
 Q - 2 potions of agility
 Y - a potion of heal wounds
Comestibles
 f - 15 bread rations
 N - 4 meat rations
 P - 2 beef jerkies
 U - 3 fruits
 V - 5 royal jellies


   Skills:
 + Level 10.4 Fighting
 + Level 11.7 Axes
 - Level 9.5 Armour
 + Level 8.9 Dodging
 + Level 12.3 Shields
 + Level 13.3 Invocations


You had 12 spell levels left.
You didn't know any spells.

Dungeon Overview and Level Annotations

Branches:
Dungeon (14/15)            Temple (1/1) D:4            Lair (8/8) D:8
  Swamp (0/4) Lair:3       Spider (0/4) Lair:3        Slime (0/6) Lair:6
    Orc (0/2) D:9
 Vaults: D:13-14

Altars:
Ashenzari
Cheibriados
Dithmenos
Elyvilon
Fedhas
Gozag
Kikubaaqudgha
Makhleb
Nemelex Xobeh
Okawaru
Pakellas
Qazlal
Sif Muna
Trog
Vehumet
Xom
Yredelemnul
Zin
The Shining One
Jiyva

Portals:
Sewer: D:6

Annotations:
D:4 Scarto's ghost, amateur HOFi
Lair:3 1 exclusion
Lair:5 exclusion: ice statue


Innate Abilities, Weirdness & Mutations

You are resistant to damage.
You can recharge devices by infusing magical energy.
You passively map the area around you.
You do not regenerate naturally.
You have sharp fingernails.
You have a pair of small horns on your head.
You are surrounded by a mild repulsion field (EV +2).
You have supernaturally acute eyesight.
You are agile. (Dex +2)
You often lose your temper in combat.
Your flesh is heat resistant.


Message History

The catoblepas is severely wounded.
You are engulfed in calcifying dust.
The catoblepas breathes a plume of calcifying dust at you.
The blast of calcifying dust hits you! The catoblepas gores you!
* * * LOW HITPOINT WARNING * * *
You hit the catoblepas but do no damage.
You headbutt the catoblepas!
The catoblepas is almost dead.
The catoblepas breathes a plume of calcifying dust at you.
The blast of calcifying dust hits you! You block the catoblepas's attack.
Press: ? - help, Shift-Dir - straight line, f - catoblepas
Aim: a catoblepas (almost dead)
The acid hits the catoblepas.
The acid corrodes the catoblepas!
The catoblepas is almost dead.
You feel slightly more hungry.
You are engulfed in calcifying dust.
You block the catoblepas's attack. The catoblepas gores you!!
* * * LOW HITPOINT WARNING * * *
The catoblepas gores you!!
You die...

#### * ###.... **
* * ##.....#.. ,,
##......... , ,* *
##.......... ,*
#####........... ,
.##P.P.#<.........
, , , ,
........@.##.....#
..§§§§§§Y...# P ,
, , ,
.........3.#......
* *
.............PPP##
**
............P.P##
* *
,............PPP.#
, ,
.................#
, ................
. , ,
.................


You could see a catoblepas and a friendly neqoxec (petrified).

Vanquished Creatures
  A catoblepas (D:11)
  Erolcha (D:13)
  Erica (D:10)
  3 death yaks (Lair:7)
  Urug (Lair:1)
  2 unseen horrors
  2 hill giants
  A griffon (Lair:6)
  An orb spider (Lair:3)
  4 black mambas
  8 elephants
  Joseph (D:10)
  6 spiny frogs
  3 komodo dragons
  4 trolls
  A two-headed ogre (D:12)
  12 blink frogs
  Prince Ribbit (D:7)
  25 yaks
  A wyvern (D:8)
  A wraith (D:12)
  2 shadows
  3 hippogriffs
  A basilisk (Lair:5)
  3 hungry ghosts
  6 vampire mosquitoes
  A soldier ant (D:7)
  A swamp worm (Lair:3)
  7 water moccasins
  5 orc warriors
  6 porcupines
  8 ice beasts
  4 black bears
  2 ogres
  A necrophage (D:9)
  6 sky beasts
  An eye of draining (D:6)
  16 wolves
  2 centaurs (D:9)
  10 crocodiles
  23 giant frogs
  2 big kobolds
  A gnoll sergeant (D:7)
  5 scorpions
  8 killer bees
  9 wights
  5 howler monkeys
  2 vampire bats (Lair:2)
  3 spriggan skeletons (D:12)
  A troll skeleton (D:12)
  2 electric eels
  4 crimson imps
  2 quasits
  A centaur zombie (D:7)
  2 jellies
  5 centaur skeletons
  6 hounds
  2 giant frog zombies
  An orc priest (D:9)
  A giant frog skeleton (D:10)
  Crazy Yiuf (D:2)
  Jessica (D:2)
  8 iguanas
  9 worker ants
  Natasha (thrice) (D:3)
  13 orc wizards
  8 sheep
  A hound skeleton (D:6)
  A worker ant zombie (D:8)
  4 gnolls (D:7)
  18 adders
  57 river rats
  3 shadow imps
  A white imp (Lair:5)
  An ooze (D:1)
  An adder zombie (D:6)
  3 adder skeletons
  3 dart slugs
  6 giant geckos
  44 orcs
  14 bats
  A giant cockroach (D:8)
  10 goblins
  2 hobgoblins
  11 kobolds
  3 quokkas
  3 ball pythons
  A giant gecko zombie (D:5)
  8 giant newts
  A quokka skeleton (D:4)
  A quokka zombie (D:8)
  11 rats
  3 fungi
  A plant (D:7)
506 creatures vanquished.

Vanquished Creatures (collateral kills)
  3 hydras
  3 death yaks (Lair:7)
  A hill giant (D:13)
  An ugly thing (D:13)
  5 elephants
  2 black mambas
  A komodo dragon (Lair:1)
  A troll (D:12)
  2 blink frogs (Lair:2)
  10 yaks
  A basilisk (Lair:7)
  2 hippogriffs
  2 water moccasins
  A porcupine (Lair:6)
  A wolf (Lair:6)
  4 crocodiles
  A quasit (D:12)
  An iguana (Lair:5)
  A sheep (Lair:6)
  A river rat (Lair:6)
  3 orcs (D:12)
47 creatures vanquished.

Vanquished Creatures (others)
  3 bushes (Lair:7)
  3 fungi
  2 plants
8 creatures vanquished.

Grand Total: 561 creatures vanquished

Notes
Turn   | Place    | Note
--------------------------------------------------------------
     0 | D:1      | oplop the Deep Dwarf Fighter began the quest for the Orb.
     0 | D:1      | Reached XP level 1. HP: 20/20 MP: 1/1
   243 | D:1      | Reached skill level 1 in Dodging
   243 | D:1      | Reached XP level 2. HP: 27/27 MP: 2/2
   798 | D:2      | Reached XP level 3. HP: 34/34 MP: 3/3
   947 | D:2      | Noticed Jessica
   956 | D:2      | Killed Jessica
   956 | D:2      | Reached XP level 4. HP: 40/42 MP: 4/4
  1368 | D:2      | Noticed Crazy Yiuf
  1378 | D:2      | Killed Crazy Yiuf
  1468 | D:3      | Noticed Natasha
  1479 | D:3      | Killed Natasha
  1479 | D:3      | Reached XP level 5. HP: 40/49 MP: 5/5
  1763 | D:3      | Noticed Natasha
  1771 | D:3      | Killed Natasha
  1779 | D:3      | Noticed Natasha
  1933 | D:3      | Killed Natasha
  1933 | D:3      | Reached XP level 6. HP: 23/57 MP: 6/6
  2247 | D:4      | Found a staircase to the Ecumenical Temple.
  2291 | Temple   | Entered the Ecumenical Temple
  2423 | Temple   | Became a worshipper of Makhleb the Destroyer
  2592 | D:4      | Noticed Scarto's ghost (amateur HOFi)
  2601 | D:5      | Entered Level 5 of the Dungeon
  2663 | D:5      | Reached skill level 1 in Invocations
  2952 | D:5      | Reached XP level 7. HP: 29/64 MP: 7/7
  3094 | D:5      | Found an opulent altar of Gozag.
  3370 | D:6      | Reached skill level 2 in Invocations
  3391 | D:6      | Reached * piety under Makhleb
  3391 | D:6      | Reached skill level 5 in Dodging
  3391 | D:6      | Reached skill level 5 in Shields
  3449 | D:6      | Noticed a troll
  3471 | D:6      | Killed a troll
  3471 | D:6      | Reached skill level 3 in Invocations
  3612 | D:6      | Found a shattered altar of Ashenzari.
  3613 | D:6      | Noticed a hippogriff
  3617 | D:6      | Reached XP level 8. HP: 20/73 MP: 0/9
  3629 | D:6      | Reached skill level 5 in Axes
  3753 | D:6      | Reached skill level 5 in Fighting
  3753 | D:6      | Reached skill level 4 in Invocations
  3889 | D:6      | Found a glowing drain.
  4077 | D:7      | Found a glowing silver altar of Zin.
  4078 | D:7      | Found a stormy altar of Qazlal.
  4079 | D:7      | Found an opulent altar of Gozag.
  4079 | D:7      | Found a basalt altar of Yredelemnul.
  4234 | D:7      | Reached skill level 5 in Invocations
  4415 | D:7      | Gained mutation: You passively map the area around you. [Deep Dwarf growth]
  4415 | D:7      | Reached XP level 9. HP: 28/81 MP: 10/10
  4438 | D:7      | Gained mutation: You are occasionally teleported next to monsters. [mutagenic meat]
  4439 | D:7      | Gained mutation: You are dopey. (Int -2) [mutagenic meat]
  4440 | D:7      | Gained mutation: You are clumsy. (Dex -2) [mutagenic meat]
  4441 | D:7      | Gained mutation: You tend to lose your temper in combat. [mutagenic meat]
  4446 | D:7      | Noticed Prince Ribbit
  4468 | D:7      | Killed Prince Ribbit
  4482 | D:7      | HP: 4/82 [electric eel/bolt of electricity (5)]
  4588 | D:7      | You fall through a shaft for 2 floors!
  4721 | D:9      | Reached ** piety under Makhleb
  4910 | D:8      | Reached skill level 6 in Invocations
  4937 | D:8      | You fall through a shaft for 2 floors!
  4937 | D:10     | Entered Level 10 of the Dungeon
  4937 | D:10     | Noticed Erica
  4939 | D:10     | Lost mutation: You are occasionally teleported next to monsters. [potion of cure mutation]
  4939 | D:10     | Lost mutation: You are dopey. (Int -2) [potion of cure mutation]
  4939 | D:10     | Lost mutation: You are clumsy. (Dex -2) [potion of cure mutation]
  4944 | D:10     | Noticed a hill giant
  4957 | D:10     | Killed a hill giant
  4987 | D:10     | Killed Erica
  4987 | D:10     | Reached skill level 7 in Invocations
  5015 | D:10     | Reached XP level 10. HP: 41/92 MP: 12/12
  5144 | D:10     | Noticed Joseph
  5162 | D:10     | Killed Joseph
  5389 | D:10     | Reached *** piety under Makhleb
  5734 | D:10     | Noticed a hill giant
  5918 | D:9      | Found a staircase to the Orcish Mines.
  5994 | D:9      | Reached skill level 8 in Invocations
  6073 | D:9      | Found a blossoming altar of Fedhas.
  6259 | D:9      | Reached **** piety under Makhleb
  6528 | D:8      | Gained mutation: You have sharp fingernails. [mutagenic meat]
  6529 | D:8      | Gained mutation: You have supernaturally acute eyesight. [mutagenic meat]
  6530 | D:8      | Gained mutation: You have a pair of small horns on your head. [mutagenic meat]
  6631 | D:8      | Found a staircase to the Lair.
  6791 | D:8      | Gained mutation: You are agile. (Dex +2) [mutagenic meat]
  6792 | D:8      | Gained mutation: You are very agile. (Dex +4) [mutagenic meat]
  7714 | D:11     | Gained mutation: You are surrounded by a mild repulsion field (EV +2). [mutagenic meat]
  7715 | D:11     | Gained mutation: Your flesh is heat resistant. [mutagenic meat]
  7716 | D:11     | Lost mutation: You are very agile. (Dex +4) [mutagenic meat]
  7717 | D:11     | Gained mutation: You often lose your temper in combat. [mutagenic meat]
  7773 | D:11     | Noticed a catoblepas
  7798 | D:11     | Killed a catoblepas
  7798 | D:11     | Reached XP level 11. HP: 53/100 MP: 14/14
  7923 | D:11     | Noticed a hill giant
  7930 | D:11     | Killed a hill giant
  8351 | D:12     | Noticed an unseen horror
  8370 | D:12     | Killed an unseen horror
  8370 | D:12     | Reached skill level 9 in Invocations
  8669 | D:12     | Noticed a five-headed hydra
  8678 | D:12     | Killed a five-headed hydra
  9080 | D:12     | Reached skill level 5 in Armour
  9268 | D:12     | Reached ***** piety under Makhleb
  9616 | D:13     | Noticed a hill giant
  9617 | D:13     | Noticed Erolcha
  9638 | D:13     | Killed a hill giant
  9650 | D:13     | Killed Erolcha
  9650 | D:13     | Reached skill level 10 in Shields
  9707 | D:13     | Reached skill level 10 in Invocations
 10032 | D:13     | Noticed an unseen horror
 10049 | D:13     | Killed an unseen horror
 10126 | D:13     | Noticed a six-headed hydra
 10153 | D:13     | Killed a six-headed hydra
 10203 | D:13     | Reached XP level 12. HP: 32/112 MP: 15/15
 10264 | D:13     | HP: 4/112 [shadow (8)]
 10627 | Lair:1   | Entered Level 1 of the Lair of Beasts
 10647 | Lair:1   | Noticed Urug
 10666 | Lair:1   | Killed Urug
 10914 | Lair:1   | Reached skill level 10 in Axes
 11743 | Lair:2   | Reached skill level 11 in Invocations
 12478 | Lair:3   | Found a hole to the Spider Nest.
 13345 | Lair:4   | Reached skill level 12 in Invocations
 13899 | Lair:5   | Reached XP level 13. HP: 106/122 MP: 17/17
 14630 | Lair:6   | Reached ****** piety under Makhleb
 14745 | Lair:6   | Reached skill level 10 in Fighting
 15039 | Lair:6   | Found a viscous altar of Jiyva.
 15039 | Lair:6   | Found a staircase to the Slime Pits.
 15573 | Lair:7   | HP: 5/123 [death yak (15)]
 15602 | Lair:7   | HP: 4/123 [giant frog (1)]
 15661 | Lair:6   | Reached skill level 13 in Invocations
 16088 | Lair:8   | Entered Level 8 of the Lair of Beasts
 16128 | Lair:8   | Slain by a catoblepas

Skill      XL: |  1  2  3  4  5  6  7  8  9 10 11 12 13 |
---------------+----------------------------------------+-----
Dodging        | 1 2 3 4 5 6 7 8 |  8.9
Fighting       | 3 4 5 6 7 8 9 10 | 10.4
Axes           | 3 4 6 7 8 9 10 11 | 11.7
Shields        | 4 5 6 7 9 10 11 12 | 12.3
Invocations    | 1 3 5 7 8 10 12 13 | 13.3
Armour         | 4 6 8 9 |  9.5

Action                   |  1- 3 |  4- 6 |  7- 9 | 10-12 | 13-15 || total
-------------------------+-------+-------+-------+-------+-------++-------
Melee: War axe           |   106 |   183 |   396 |  1076 |   407 ||  2168
       Headbutt          |       |       |       |   240 |   123 ||   363
Invok: Minor Destruction |       |       |       |    56 |     7 ||    63
       Lesser Servant of |       |       |       |    20 |    17 ||    37
 Abil: Device Recharging |       |     1 |     2 |     2 |     1 ||     6
Evoke: Wand              |       |     5 |    19 |    10 |     4 ||    38
  Use: Scroll            |       |    10 |     1 |    13 |     2 ||    26
       Potion            |       |       |     5 |       |     1 ||     6
 Stab: Distracted        |       |       |       |    10 |     3 ||    13
       Petrifying        |       |       |       |       |     1 ||     1
  Eat: Chunk             |       |     7 |     8 |    59 |    12 ||    86
       Meat ration       |       |       |     1 |       |       ||     1
       Beef jerky        |       |       |       |     2 |     2 ||     4
Armor: Scale mail        |    52 |    69 |   128 |   235 |    97 ||   581
       Skin              |       |       |    21 |       |       ||    21
Dodge: Dodged            |    26 |    71 |   191 |   589 |   237 ||  1114
Block: Shield            |    70 |    87 |   258 |   853 |   409 ||  1677
       Reflection        |       |       |       |     1 |     1 ||     2
